 Dungeon Crawl Stone Soup version 0.29-a0-23-ga79f92ac9c (webtiles) character file.

Game seed: 2032786193444826165

63 Dulis131 the Skirmisher (level 3, 0/30 HPs)
             Began as a Demonspawn Abyssal Knight on Jan 30, 2022.
             Was a Follower of Lugonu.
             Killed from afar by Sigmund (9 damage)
             ... with a puff of flame
             ... on level 2 of the Dungeon.
             The game lasted 00:06:52 (1826 turns).

Dulis131 the Skirmisher (Demonspawn Abyssal Knight) Turns: 1826, Time: 00:06:53

Health: 0/30       AC:  8    Str: 15    XL:     3   Next: 89%
Magic:  5/5        EV:  9    Int: 11    God:    Lugonu [*.....]
Gold:   94         SH:  0    Dex: 13    Spells: 2/2 levels left

rFire   . . .      SeeInvis .   a - +1 spear
rCold   . . .      Faith    .   (no shield)
rNeg    . . .      Spirit   .   l - +0 scale mail
rPois   .          Reflect  .   (no helmet)
rElec   .          Harm     .   (no cloak)
rCorr   .          Rampage  .   (no gloves)
Will    .....                   (no boots)
Stlth   ..........              (no amulet)
HPRegen 0.10/turn               (no ring)
MPRegen 0.09/turn               (no ring)

@: no status effects
A: icy blue scales 1, spiny 1
a: Renounce Religion, Depart the Abyss


You were on level 2 of the Dungeon.
You worshipped Lugonu.
Lugonu was aware of your devotion.
You visited 1 branch of the dungeon, and saw 3 of its levels.
You visited the Abyss 1 time.

You collected 94 gold pieces.

Inventory:

Hand Weapons
 a - a +1 spear (weapon)
Missiles
 j - 19 arrows
Armour
 b - a +0 leather armour
 l - a +0 scale mail (worn)
Jewellery
 i - an amulet of the acrobat
Wands
 o - a wand of paralysis (3)
Scrolls
 c - 2 scrolls of teleportation {unknown}
 d - 2 scrolls of identify {unknown}
 h - a scroll of magic mapping {unknown}
 k - a scroll of enchant weapon {unknown}
Potions
 e - a potion of berserk rage {unknown}
 f - a potion of curing {unknown}
 g - a potion of invisibility {unknown}
 m - a potion of haste {unknown}
 n - a potion of heal wounds {unknown}


   Skills:
 + Level 4.0 Fighting
 + Level 2.2 Polearms
 + Level 2.3 Armour
 + Level 1.0 Dodging
 - Level 0.1 Stealth
 + Level 2.7 Invocations


You had 2 spell levels left.
You didn't know any spells.
Your spell library was empty.

Dungeon Overview and Level Annotations

Branches:
Dungeon (3/15)

Altars:

Annotations:
D:2 Sigmund


Innate Abilities, Weirdness & Mutations

You are partially covered in icy blue scales. (AC +2)
You are partially covered in sharp spines.


Message History

HP restored.
You climb downwards.
Level annotation: Sigmund Sigmund is struck by your spines.
Sigmund barely misses you.
There is a stone staircase leading up here.
You hit Sigmund but do no damage.
Sigmund is lightly wounded.
Sigmund hits you with a +0 scythe!
You barely miss Sigmund.
Sigmund is lightly wounded.
You closely miss Sigmund.
Sigmund is lightly wounded.
Sigmund casts a spell at you.
You are confused.
You are too confused!
You are too confused!
You are too confused!
You are too confused!
You are too confused!
You are too confused!
You bump into the rock wall.
Sigmund barely misses you.
You bump into the rock wall.
Sigmund hits you with a +0 scythe!
You bump into the rock wall.
You hit Sigmund.
Sigmund is lightly wounded.
Sigmund closely misses you.
You're too confused to move!
You feel less confused. Sigmund casts a spell at you. The magic dart hits you.
* * * LOW HITPOINT WARNING * * *
Sigmund hits you but does no damage.
You climb upwards.
There is a stone staircase leading down here.
Sigmund points at you and mumbles some strange words.
You resist with significant effort.
Sigmund is suddenly surrounded by pale green light.
Sigmund gestures at you while chanting. The puff of flame hits you!
You die...

..# ##.....>...######..##..#.##
.### ##.......@.........).##..#
...# #.......##....##..#####.#
.#.## #.......#..##....## #.##
.#..# #.......#.#####..#### #..#
..#.## #.......#@# ##....# ##..
#....###########.# #..##.# ###.
..........## #.# #..##.###...
####..#....#####@# #..##....... #
##.##......##.#####.......#... #
#..###............[..##.#####
######..##..#...............#####
...........#########.##.##.......
#######.#### ####..##.........#
#.# ####....#....##..####
#.#####....###..#..###..#
######.......####...###.# ##.#


You could see Sigmund.

Vanquished Creatures
  2 gnolls (D:1)
  An adder (D:2)
  6 ball pythons
  6 bats
  2 endoplasms
  A giant cockroach (D:2)
  2 goblins (D:1)
  4 hobgoblins
  A kobold (D:2)
  2 quokkas (D:1)
  A frilled lizard (D:1)
  3 rats
31 creatures vanquished.

Notes
Turn   | Place    | Note
-------+----------+-------------------------------------------
     0 | Abyss:1  | Dulis131 the Demonspawn Abyssal Knight began the quest for
                  | the Orb.
     0 | Abyss:1  | Reached XP level 1. HP: 18/18 MP: 2/2
    25 | Abyss:1  | Found a basalt altar of Yredelemnul.
    64 | Abyss:2  | Found a corrupted altar of Lugonu.
   141 | Abyss:2  | Noticed a cyan very ugly thing
   143 | Abyss:2  | Noticed a smoke demon
   144 | D:1      | Escaped the Abyss
   197 | D:1      | Gained mutation: You are partially covered in icy blue
                  | scales. (AC +2) [demonic ancestry]
   197 | D:1      | Reached XP level 2. HP: 11/24 MP: 3/3
   538 | D:1      | Gained mutation: You are partially covered in sharp spines.
                  | [demonic ancestry]
   538 | D:1      | Reached XP level 3. HP: 17/30 MP: 3/5
   758 | D:1      | Found a faded altar of an unknown god.
   813 | D:1      | Reached * piety under Lugonu
  1216 | D:2      | Reached skill level 1 in Dodging
  1267 | D:2      | Reached skill level 4 in Fighting
  1662 | D:3      | Noticed Sigmund
  1826 | D:2      | Killed from afar by Sigmund

Illustrated notes

Levels and vault maps discovered:
D:1:      giann_horns, layout_basic, basic_ecumenical_altar
D:2:      layout_rooms
D:3:      minmay_razor_zed, layout_basic, ebering_ghost_sewer_d,
          minmay_large_rounded_square, corexii_hall_statues_x, uniq_sigmund

Skill      XL: |  1  2  3 |
---------------+----------+-----
Polearms       | 2 |  2.2
Armour         | 2 |  2.3
Dodging        | 1 |  1.0
Fighting       | 4 |  4.0
Stealth        | |  0.1
Invocations    | |  2.7

Action                   || total
-------------------------++-------
Melee: Spear             ||    85
       Punch             ||     1
Invok: Depart the Abyss  ||     1
 Stab: Sleeping          ||     1
Armor: Leather armour    ||    20
       Scale mail        ||     2
Dodge: Dodged            ||    39

Table legend: (Time is in decaauts)
 A = Elapsed time spent in this place.
 B = Non-inter-level travel time spent in this place.
 C = Inter-level travel time spent in this place.
 D = Time resting spent in this place.
 E = Time spent auto-exploring this place.
 F = Levels seen in this place.
 G = Mean time per level.
                   A        B        C        D        E       F      G
               +--------+--------+--------+--------+--------+-----+--------+
         Total |   1826 |   1777 |     49 |    400 |   1029 |   5 |  365.2 |
       Dungeon |   1682 |   1633 |     49 |    400 |    988 |   3 |  560.7 |
         Abyss |    143 |    143 |      0 |      0 |     41 |   2 |   71.5 |
               +--------+--------+--------+--------+--------+-----+--------+

Top non-repeatable levels by time:
     D:1: 999 daAuts
     D:2: 658 daAuts
 Abyss:2: 80 daAuts
 Abyss:1: 63 daAuts
     D:3: 24 daAuts
